 Dungeon Crawl Stone Soup version 0.21.1-1-g345015f (webtiles) character file.

126 Supreme the Conjurer (level 4, -8/24 HPs)
             Began as a Deep Elf Conjurer on Apr 10, 2018.
             Mangled by a gnoll
             ... wielding a +0 halberd
              (10 damage)
             ... on level 3 of the Dungeon.
             The game lasted 00:16:39 (1750 turns).

Supreme the Conjurer (Deep Elf Conjurer)            Turns: 1750, Time: 00:16:40

Health: -8/24      AC:  3    Str:  5    XL:     4   Next: 83%
Magic:  3/13       EV: 13    Int: 21    God:
Gold:   113        SH:  0    Dex: 15    Spells: 3/13 levels left

rFire    . . .     SeeInvis +   i - +0 short sword (protect)
rCold    . . .     Gourm    .   (no shield)
rNeg     . . .     Faith    .   a - +0 robe
rPois    .         Spirit   .   (no helmet)
rElec    .         Reflect  .   (no cloak)
rCorr    .         Harm     +   (no gloves)
MR       .....                  n - +0 pair of boots
Stlth    ++........             d - amulet of harm
HPRegen  0.08/turn              h - ring of see invisible
MPRegen  0.13/turn              (no ring)

@: no status effects
A: no striking features
a: no special abilities


You were on level 3 of the Dungeon.
You were not hungry.

You visited 1 branch of the dungeon, and saw 3 of its levels.

You collected 113 gold pieces.

Inventory:

Hand Weapons
 f - a +0 short sword
 i - a +0 short sword of protection (weapon)
 k - a +0 hand axe
 m - a +0 mace
Missiles
 o - 2 javelins (quivered)
Armour
 a - a +0 robe (worn)
 g - a +0 buckler
 n - a +0 pair of boots (worn)
Jewellery
 d - an amulet of harm (around neck)
 h - a ring of see invisible (left hand)
Scrolls
 e - a scroll of teleportation {unknown}
 j - a scroll of enchant weapon {unknown}
 l - 3 scrolls of identify {unknown}
 p - 2 scrolls of remove curse {unknown}
 s - a scroll of magic mapping {unknown}
 t - a scroll of fear {unknown}
Potions
 q - a potion of lignification {unknown}
Books
 b - a book of Conjurations

   Spells                             Type                      Level
   a - Magic Dart                     Conjuration                  1
   b - Searing Ray                    Conjuration                  2
   c - Dazzling Spray                 Conjuration/Hexes            3
   d - Fulminant Prism                Conjuration/Hexes            4
   e - Force Lance                    Conjuration/Translocation    4
   f - Iskenderun's Mystic Blast      Conjuration                  4
Comestibles
 c - 3 rations


   Skills:
 + Level 2.7 Dodging
 - Level 2.4 Stealth
 * Level 5.0 Spellcasting
 + Level 5.8 Conjurations


You had 3 spell levels left.
You knew the following spells:

 Your Spells              Type           Power        Failure   Level  Hunger
a - Magic Dart            Conj           ####         1%          1    None
b - Searing Ray           Conj           ####..       1%          2    None
c - Dazzling Spray        Conj/Hex       ###...       10%         3    ##.....
d - Iskenderun's Mystic   Conj           ####....     10%         4    ####...


Dungeon Overview and Level Annotations

Branches:
Dungeon (3/15)

Altars:

Annotations:
D:3 Flooderbenga's ghost, weakling GnNe


Message History

Aim: a gnoll, wielding a halberd (heavily wounded)
The magic dart hits the gnoll.
The gnoll is heavily wounded.
The gnoll hits you from afar with a halberd!
A goblin comes into view.
The goblin shouts!
You hear a shout!
Casting: Magic Dart
Confirm with . or Enter, or press ? or * to list all spells.
Aiming: Magic Dart
Press: ? - help, Shift-Dir - straight line, f/p - gnoll
Aim: a gnoll, wielding a halberd (heavily wounded)
The magic dart hits the gnoll.
The gnoll is severely wounded.
The gnoll hits you from afar with a halberd!
Ouch! That really hurt!
* * * LOW HITPOINT WARNING * * *
Unknown command.
There is a stone staircase leading up here.
The gnoll hits you from afar with a halberd!
You die...

#.#...## #.#....##
#####.#.....###
####...........[.####
#...................#
.................##.#
#.##.####......#.##.#
.#
#.##.###......##.##.#
..
#.##.##.......##@##.#
.#
#.##.###.....###....#
#.#
#....####.....##g.###
#..
......####.#.#.#g.#
..#
###...)...........#
#.#.####.#.#.##.#
#.#.# #.....#.#.#
#.#.# #..###.##.#
#.#.# #...#.###.#


You could see a gnoll and a goblin.

Vanquished Creatures
  5 adders (D:3)
  2 gnolls (D:3)
  An ooze (D:1)
  A dart slug (D:3)
  4 leopard geckos
  An orc (D:3)
  2 ball pythons
  4 bats
  2 goblins
  8 hobgoblins
  7 jackals (D:3)
  4 kobolds
  5 frilled lizards
  5 rats
51 creatures vanquished.

Notes
Turn   | Place    | Note
-------+----------+-------------------------------------------
     0 | D:1      | Supreme the Deep Elf Conjurer began the quest for the Orb.
     0 | D:1      | Reached XP level 1. HP: 10/10 MP: 6/6
   337 | D:1      | Reached XP level 2. HP: 15/15 MP: 4/8
   493 | D:1      | Reached skill level 5 in Conjurations
   727 | D:1      | Learned a level 2 spell: Searing Ray
   795 | D:1      | Reached XP level 3. HP: 19/19 MP: 8/10
  1415 | D:3      | Reached XP level 4. HP: 24/24 MP: 0/12
  1420 | D:3      | Learned a level 3 spell: Dazzling Spray
  1425 | D:3      | Learned a level 4 spell: Iskenderun's Mystic Blast
  1506 | D:3      | Noticed Flooderbenga's ghost (weakling GnNe)
  1726 | D:3      | Reached skill level 5 in Spellcasting
  1740 | D:3      | HP: 1/24 [gnoll/halberd (14)]
  1750 | D:3      | Mangled by a gnoll

Skill      XL: |  1  2  3  4 |
---------------+-------------+-----
Conjurations   | 5 |  5.8
Spellcasting   | 4 5 |  5.0
Dodging        | |  2.7
Stealth        | |  2.4

Action                   |  1- 3 |  4- 6 || total
-------------------------+-------+-------++-------
 Cast: Magic Dart        |    63 |    34 ||    97
       Searing Ray       |     2 |     1 ||     3
  Eat: Chunk             |     1 |     1 ||     2
Armor: Robe              |     4 |     7 ||    11
Dodge: Dodged            |    16 |    21 ||    37
